 Dungeon Crawl Stone Soup version 0.27-a0-1136-g0b992a5a9d (webtiles) character file.

Game seed: 1602602550474089058

1845 pokeman the Thaumaturge (level 8, 0/43 (44) HPs)
             Began as a Deep Elf Hedge Wizard on May 5, 2021.
             Slain by a wight
             ... wielding a +0 spear
              (3 damage)
             ... on level 7 of the Dungeon.
             The game lasted 00:15:58 (9048 turns).

pokeman the Thaumaturge (Deep Elf Hedge Wizard)     Turns: 9048, Time: 00:15:58

HP:   0/43 (44)     AC:  7    Str:  7    XL:     8   Next: 88%
MP:   24/24         EV: 16    Int: 22    God:
Gold: 355           SH:  0    Dex: 14    Spells: 16/27 levels left

rFire    . . .     SeeInvis .   t - +6 mace of Ziomm {elec, rN++}
rCold    . . .     Faith    .   (no shield)
rNeg     + + .     Spirit   .   l - +0 leather armour
rPois    .         Reflect  .   a - +0 helmet
rElec    .         Harm     .   n - +0 cloak
rCorr    .         Rampage  .   A - +1 pair of gloves
Will     .....                  (no boots)
Stlth    ++........             (no amulet)
HPRegen  0.14/turn              x - +4 ring of evasion
MPRegen  0.19/turn              (no ring)

@: slowed, studying Crossbows, lightly drained, very slow
A: no striking features
a: no special abilities


You were on level 7 of the Dungeon.
You visited 2 branches of the dungeon, and saw 8 of its levels.

You collected 388 gold pieces.
You spent 33 gold pieces at shops.

Inventory:

Hand Weapons
 m - a +4 quarterstaff of chaos
 t - the +6 mace of Ziomm (weapon) {elec, rN++}
   (You found it on level 6 of the Dungeon)

   Occasionally, upon striking a foe, it can discharge electrical energy and
   cause terrible harm.
   It greatly protects you from negative energy.
 u - a +0 shortbow
Missiles
 f - 178 bolts
 o - 35 arrows
Armour
 a - a +0 helmet (worn)
 l - a +0 leather armour (worn)
 n - a +0 cloak (worn)
 v - a +0 buckler
 A - a +1 pair of gloves (worn)
Jewellery
 d - a ring of flight
 x - a +4 ring of evasion (left hand)
Scrolls
 b - a scroll of fear {unknown}
 c - 2 scrolls of teleportation {unknown}
 e - 5 scrolls of identify {unknown}
 g - a scroll of vulnerability {unknown}
 p - a scroll of holy word {unknown}
 s - a scroll of blinking {unknown}
 y - a scroll of fog {unknown}
Potions
 h - a potion of flight {unknown}
 i - a potion of might
 j - a potion of mutation {unknown}
 k - a potion of curing
 q - 2 potions of attraction {unknown}
 r - a potion of brilliance {unknown}
 w - a potion of cancellation {unknown}
 z - a potion of berserk rage {unknown}


   Skills:
 - Level 2.0 Fighting
 + Level 2.9 Armour
 - Level 3.0 Dodging
 - Level 3.0 Stealth
 - Level 1.0 Shields
 * Level 10.4 Spellcasting
 + Level 5.6 Conjurations
 - Level 1.1 Summonings
 - Level 1.1 Translocations
 + Level 4.4 Fire Magic
 - Level 1.3 Air Magic
 - Level 1.1 Poison Magic


You had 16 spell levels left.
You knew the following spells:

 Your Spells              Type           Power      Damage    Failure   Level
a - Magic Dart            Conj           100%       1d8       1%          1
b - Mephitic Cloud        Conj/Pois/Air  23%        N/A       9%          3
c - Call Imp              Summ           16%        N/A       9%          2
d - Blink                 Tloc           N/A        N/A       9%          2
e - Conjure Flame         Conj/Fire      33%        6-21      3%          3

Your spell library contained the following spells:

 Spells                   Type           Power      Damage    Failure   Level
 Beastly Appendage        Tmut           22%        N/A       9%          1
 Slow                     Hex            11%        N/A       13%         2
 Wereblood                Tmut           11%        N/A       13%         2
 Spider Form              Tmut/Pois      7%         N/A       21%         3
 Ice Form                 Ice/Tmut       11%        N/A       63%         4
 Hydra Form               Tmut           5%         N/A       93%         5


Dungeon Overview and Level Annotations

Branches:
Dungeon (7/15)             Temple (1/1) D:6

Altars:
Ashenzari
Cheibriados
Dithmenos
Elyvilon
Gozag
Makhleb
Okawaru
Qazlal
Trog
Uskayaw
Xom
Yredelemnul
The Shining One

Shops:
D:2 !   D:6 (   D:7 (

Annotations:
D:7 Harold


Message History

A wight comes into view. It is wielding a +0 spear.
The water moccasin zombie is engulfed in blazing flames.
The water moccasin zombie barely misses you.
The kobold brigand shouts!
The water moccasin zombie is engulfed in blazing flames.
The water moccasin zombie bites you.
The water moccasin zombie is engulfed in blazing flames.
You destroy the water moccasin zombie!
A kobold comes into view.
It is wielding a +0 dagger of protection.
A wight comes into view. It is wielding a +4 dagger.
There is a stone staircase leading down here.
The kobold brigand throws a curare-tipped dart.
The curare-tipped dart hits you.
You are poisoned.
You have difficulty breathing.
You feel yourself slow down.
Found a stone staircase leading down.
A wight comes into view. It is wielding a +3 falchion.
You feel sick.
The kobold brigand throws a curare-tipped dart.
The curare-tipped dart hits you.
You are more poisoned.
You have difficulty breathing.
You feel as though you will be slow longer.
You feel very sick.
Unknown command.
You feel very sick.
You feel very sick.
The kobold throws a stone.
The stone misses you. The wight barely misses you.
You feel sick. The kobold barely misses you.
You feel sick.
You feel sick. The kobold misses you. The wight completely misses you.
You feel sick.
You are no longer poisoned.
The kobold hits you but does no damage.
The wight hits you from afar with a +0 spear.
* * * LOW HITPOINT WARNING * * *
You partially resist.
You feel drained. The wight closely misses you.
The wight hits you from afar with a +0 spear.
You die...

#........# #.[......#
#........### .#
#!...∩..... .###.# ##
#........# ...#.# #.
#.@......## #####K#.## #.
#.........###@.zK....# #.
#...<..!.Y.###.Kz.#..####
#. ##########.#
####.......#####.
##............
.#####.##........
#.........####.##.
#.........# #....
#.........# ####.
#.........# #.


You could see a kobold brigand, 2 wights and 2 kobolds.

Vanquished Creatures
  Duvessa (D:6)
  An orc warrior (D:4)
  A sky beast (D:6)
  An ice beast (D:5)
  A black bear (D:6)
  An ogre (D:5)
  2 centaurs (D:6)
  A phantom (D:4)
  Dowan (D:6)
  3 scorpions
  3 water moccasin zombies
  A gnoll sergeant (D:6)
  A water moccasin skeleton (D:5)
  An orc priest (D:6)
  4 hounds
  A bullfrog zombie (D:5)
  A jelly (D:6)
  2 iguanas (D:4)
  2 orc wizards (D:6)
  A hound zombie (D:4)
  A hound skeleton (D:4)
  A howler monkey zombie (D:4)
  4 gnolls (D:6)
  3 adders
  2 howler monkey skeletons (D:4)
  2 white imps
  2 ufetubi
  An adder zombie (D:4)
  An adder skeleton (D:4)
  A worm (D:3)
  4 dart slugs
  5 orcs
  3 ball pythons
  3 endoplasms
  6 giant cockroaches
  4 hobgoblins
  11 jackals
  6 quokkas
  4 bats
  6 frilled lizards
  10 kobolds
  2 rats
112 creatures vanquished.

Vanquished Creatures (collateral kills)
  An orc warrior (D:6)
  Crazy Yiuf (D:3)
2 creatures vanquished.

Grand Total: 114 creatures vanquished

Notes
Turn   | Place    | Note
-------+----------+-------------------------------------------
     0 | D:1      | pokeman the Deep Elf Hedge Wizard began the quest for the
                  | Orb.
     0 | D:1      | Reached XP level 1. HP: 10/10 MP: 7/7
   526 | D:1      | Reached XP level 2. HP: 2/16 MP: 0/9
  1095 | D:1      | Found a faded altar of an unknown god.
  1511 | D:1      | Reached skill level 5 in Spellcasting
  1839 | D:1      | Reached XP level 3. HP: 20/20 MP: 7/11
  1843 | D:1      | Learned a level 3 spell: Mephitic Cloud
  1846 | D:1      | Learned a level 2 spell: Call Imp
  1849 | D:1      | Learned a level 2 spell: Blink
  1853 | D:1      | Learned a level 3 spell: Conjure Flame
  2323 | D:2      | Found a white marble altar of Elyvilon.
  2338 | D:2      | Reached skill level 1 in Fighting
  2342 | D:2      | Reached skill level 1 in Armour
  2774 | D:2      | Found Torhiah's Distillery.
  2778 | D:2      | Bought a potion of curing for 33 gold pieces
  3663 | D:3      | Reached XP level 4. HP: 25/25 MP: 8/13
  4144 | D:3      | Found a runed translucent door.
  4145 | D:3      | Noticed Crazy Yiuf
  4161 | D:3      | Killed Crazy Yiuf
  4525 | D:4      | Reached skill level 1 in Fire Magic
  4571 | D:4      | Noticed an orc warrior
  5031 | D:4      | Reached XP level 5. HP: 29/29 MP: 8/15
  5072 | D:4      | Killed an orc warrior
  5073 | D:4      | Reached skill level 6 in Spellcasting
  5073 | D:4      | Reached skill level 1 in Air Magic
  5194 | D:4      | Reached skill level 1 in Shields
  5194 | D:4      | Reached XP level 6. HP: 30/34 MP: 12/17
  5215 | D:4      | Reached skill level 7 in Spellcasting
  5215 | D:4      | Reached skill level 1 in Poison Magic
  5489 | D:4      | You fall into a shaft and drop 2 floors!
  5538 | D:6      | Noticed a sky beast
  5630 | D:6      | Killed a sky beast
  5631 | D:6      | Reached XP level 7. HP: 38/38 MP: 16/20
  5686 | D:6      | Reached skill level 8 in Spellcasting
  5819 | D:6      | Found Meoqiti's Weapon Shop.
  5923 | D:6      | Found a staircase to the Ecumenical Temple.
  5929 | Temple   | Entered the Ecumenical Temple
  6144 | D:5      | Entered Level 5 of the Dungeon
  6147 | D:5      | Found a hide-covered altar of Uskayaw.
  6170 | D:6      | Identified the +6 mace of Ziomm {elec, rN++}
  6196 | D:6      | Noticed Duvessa
  6199 | D:6      | Noticed Dowan
  6205 | D:6      | Killed Duvessa
  6215 | D:6      | Killed Dowan
  6529 | D:6      | Reached skill level 9 in Spellcasting
  6529 | D:6      | Reached XP level 8. HP: 14/44 MP: 3/23
  7271 | D:4      | Found a basalt altar of Yredelemnul.
  7281 | D:4      | Reached skill level 5 in Conjurations
  7876 | D:5      | Reached skill level 10 in Spellcasting
  8937 | D:7      | Found Mopapoic's Antique Weapon Boutique.
  8937 | D:7      | Noticed Harold
  9042 | D:7      | HP: 1/44 [wight/+0 spear (5)]
  9048 | D:7      | Slain by a wight

Illustrated notes

Levels and vault maps discovered:
D:1:      dpeg_arrival_windows_large_door, layout_basic,
          hellmonk_ecumenical_altar_arch_garden
D:2:      layout_rooms, basic_altar, serial_shops, shop
D:3:      layout_loops_corners, uniq_crazy_yiuf_cottage
D:4:      layout_cave_pools, nicolae_yredelemnul_corpse_copse, minmay_between
D:5:      layout_basic, nicolae_overflow_hidden_temple,
          hangedman_decor_diamond_cutter, grunt_decor_clamped
D:6:      layout_basic, minmay_temple_entry_hall, serial_shops, shop_fountains,
          chequers_serial_rivers_micro_c, minmay_manual_mares, uniq_duvessa
D:7:      layout_rooms, chequers_temple_overflow_statue_of_worship,
          serial_shops, shop, uniq_harold, uniq_prince_ribbit1
Temple:   bh_familiar_temple

Skill      XL: |  1  2  3  4  5  6  7  8 |
---------------+-------------------------+-----
Spellcasting   | 5 6 7 9 10 | 10.4
Fighting       | 1 2 |  2.0
Armour         | 1 2 |  2.9
Conjurations   | 2 3 4 5 |  5.6
Fire Magic     | 1 3 4 |  4.4
Dodging        | 3 |  3.0
Air Magic      | 1 |  1.3
Shields        | 1 |  1.0
Poison Magic   | 1 |  1.1
Stealth        | 3 |  3.0
Summonings     | |  1.1
Translocations | |  1.1

Action                   |  1- 3 |  4- 6 |  7- 9 || total
-------------------------+-------+-------+-------++-------
Melee: Dagger            |    14 |       |       ||    14
       Quarterstaff      |       |    29 |     3 ||    32
       Mace              |       |       |    42 ||    42
 Cast: Magic Dart        |   155 |    48 |    69 ||   272
       Call Imp          |       |     3 |     5 ||     8
       Mephitic Cloud    |       |     7 |    10 ||    17
       Conjure Flame     |       |     6 |     7 ||    13
       Blink             |       |     1 |     2 ||     3
 Stab: Sleeping          |       |     1 |     1 ||     2
       Confused          |       |     3 |     2 ||     5
       Distracted        |       |       |     1 ||     1
Armor: Robe              |    15 |       |       ||    15
       Leather armour    |     1 |    10 |    13 ||    24
Dodge: Dodged            |    39 |    19 |    35 ||    93

Table legend: (Time is in decaauts)
 A = Elapsed time spent in this place.
 B = Non-inter-level travel time spent in this place.
 C = Inter-level travel time spent in this place.
 D = Time resting spent in this place.
 E = Time spent auto-exploring this place.
 F = Levels seen in this place.
 G = Mean time per level.
                   A        B        C        D        E       F      G
               +--------+--------+--------+--------+--------+-----+--------+
         Total |   9086 |   8770 |    316 |    457 |   7261 |   8 | 1135.8 |
       Dungeon |   8892 |   8595 |    297 |    457 |   7088 |   7 | 1270.3 |
        Temple |    193 |    174 |     19 |      0 |    173 |   1 |  193.0 |
               +--------+--------+--------+--------+--------+-----+--------+

Top non-repeatable levels by time:
     D:3: 2074 daAuts
     D:1: 2037 daAuts
     D:6: 1492 daAuts
     D:5: 1322 daAuts
     D:4: 1052 daAuts
     D:2: 853 daAuts
  Temple: 193 daAuts
     D:7: 60 daAuts
